 Dungeon Crawl Stone Soup version 0.29-a0-1043-g569b05d6ff (webtiles) character file.

Game seed: 5463202553431576180

149 greenreed the Conjurer (level 5, -2/37 HPs)
             Began as a Gnoll Conjurer on Aug 15, 2022.
             Slain by Duvessa
             ... wielding a +0 short sword
              (7 damage)
             ... on level 4 of the Dungeon.
             The game lasted 00:05:26 (2784 turns).

greenreed the Conjurer (Gnoll Conjurer)             Turns: 2784, Time: 00:05:26

Health: -2/37      AC:  4    Str:  6    XL:     5   Next: 31%
Magic:  0/12       EV: 13    Int: 20    God:
Gold:   82         SH:  0    Dex: 10    Spells: 8/14 levels left

rFire   . . .      SeeInvis .   e - +0 whip
rCold   . . .      Faith    .   (no shield)
rNeg    . . .      Spirit   .   a - +0 robe
rPois   .          Reflect  .   m - +2 hat
rElec   .          Harm     .   (no cloak)
rCorr   .          Rampage  .   (no gloves)
Will    .....                   (no boots)
Stlth   ++........              (no amulet)
HPRegen 0.12/turn               (no ring)
MPRegen 0.13/turn               (no ring)

@: no status effects
A: fangs 1, strong nose, distributed training
a: no special abilities


You were on level 4 of the Dungeon.
You visited 1 branch of the dungeon, and saw 4 of its levels.

You collected 82 gold pieces.

Inventory:

Hand Weapons
 e - a +0 whip (weapon)
 n - a +0 short sword
 q - a +2 vorpal hammer
 r - a +2 quarterstaff of chaos
Missiles
 u - 2 poisoned darts
Armour
 a - a +0 robe (worn)
 m - a +2 hat (worn)
Scrolls
 d - 3 scrolls of identify {unknown}
 f - a scroll of fog {unknown}
 g - a scroll of silence {unknown}
 h - a scroll of enchant armour {unknown}
 i - a scroll of fear {unknown}
 k - 2 scrolls of blinking {unknown}
 o - a scroll of magic mapping {unknown}
 p - a scroll of teleportation {unknown}
Potions
 b - a potion of magic
 c - 2 potions of curing {unknown}
 j - 2 potions of flight {unknown}
 l - a potion of attraction {unknown}
 s - a potion of degeneration {unknown}
 t - a potion of mutation {unknown}
 v - a potion of might {unknown}


   Skills:
 + Level 1.5 Fighting
 + Level 1.5 Short Blades
 + Level 1.5 Long Blades
 + Level 1.5 Axes
 + Level 1.5 Maces & Flails
 + Level 1.5 Polearms
 + Level 1.5 Staves
 + Level 1.5 Ranged Weapons
 + Level 1.5 Throwing
 + Level 1.5 Armour
 + Level 4.8 Dodging
 + Level 4.4 Stealth
 + Level 1.5 Shields
 + Level 1.5 Unarmed Combat
 + Level 5.2 Spellcasting
 + Level 7.2 Conjurations
 + Level 1.2 Hexes
 + Level 1.2 Summonings
 + Level 1.2 Necromancy
 + Level 1.2 Translocations
 + Level 1.2 Transmutations
 + Level 1.2 Fire Magic
 + Level 1.2 Ice Magic
 + Level 1.2 Air Magic
 + Level 1.2 Earth Magic
 + Level 1.2 Poison Magic
 + Level 1.7 Invocations
 + Level 1.5 Evocations


You had 8 spell levels left.
You knew the following spells:

 Your Spells              Type           Power      Damage    Failure   Level
a - Magic Dart            Conj           100%       1d8       1%          1
b - Searing Ray           Conj           68%        2d6       1%          2
c - Dazzling Flash        Conj/Hex       44%        N/A       6%          3

Your spell library contained the following spells:

 Spells                   Type           Power      Damage    Failure   Level
 Sublimation of Blood     Necr           10%        N/A       11%         2
 Wereblood                Tmut           10%        N/A       11%         2
 Fulminant Prism          Conj/Hex       11%        3d9       21%         4
 Iskenderun's Mystic Bla  Conj/Tloc      22%        2d6       21%         4
 Summon Hydra             Summ           5%         N/A       100%        7


Dungeon Overview and Level Annotations

Branches:
Dungeon (4/15)
 Temple: D:4-7

Altars:
Kikubaaqudgha

Annotations:
D:4 Dowan, Duvessa


Innate Abilities, Weirdness & Mutations

You have very sharp teeth.
Your uncanny sense of smell can sniff out nearby items.
Your experience applies equally to all skills.


Message History

Confirm with . or Enter, or press ? or * to list all spells.
Aiming: Searing Ray (safe; 1% risk of failure)
Press: ? - help, Shift-Dir - straight line, f/p - Duvessa
Aim: Duvessa, wielding a +0 short sword and wearing a +0 ring mail (moderately wounded, 86% to hit)
The searing ray hits Duvessa but does no damage.
Duvessa is moderately wounded. (Press . to maintain the ray.)
The searing ray hits Duvessa.
Duvessa is heavily wounded.
The searing ray hits Duvessa!
Duvessa is severely wounded.
The searing ray hits Dowan.
Dowan is lightly wounded.
The searing ray misses Duvessa.
The searing ray hits Dowan!
Dowan is heavily wounded.
You finish channelling your searing ray.
Duvessa drinks a potion.
Duvessa goes berserk!
Dowan gestures wildly while chanting.
Dowan blinks!
Casting: Searing Ray (safe; 1% risk of failure)
Confirm with . or Enter, or press ? or * to list all spells.
Aiming: Searing Ray (safe; 1% risk of failure)
Press: ? - help, Shift-Dir - straight line, f/p - Duvessa
Aim: Duvessa, wielding a +0 short sword and wearing a +0 ring mail (severely wounded, berserk, 86% to hit)
The searing ray hits Duvessa but does no damage.
Duvessa is severely wounded. (Press . to maintain the ray.) Duvessa barely misses you.
The searing ray hits Duvessa but does no damage.
Duvessa is severely wounded.
Duvessa hits you with a +0 short sword! x2
Without enough magic to sustain it, your searing ray dissipates.
Duvessa hits you with a +0 short sword!
* * * LOW HITPOINT WARNING * * *
Dowan points at Duvessa and mumbles some strange words.
Duvessa seems to speed up.
You barely miss Duvessa.
Duvessa is severely wounded.
Duvessa hits you with a +0 short sword!
You die...

.......... .≈≈.
....(..........
....####.#...#........#
....)....... ........)#
........... #........#
.........e...#........#
............##........##
.......e##..##........).
####.@.#...........##.
#......#...........##.
#.#....##....~..~~.###
#.........##........#
###.##..#..........~##
......#.#.####.....##.
......#...##..........
#......##..##..........
..#....#................


You could see Duvessa (berserk, fast) and Dowan.

Vanquished Creatures
  A bullfrog (D:4)
  Crazy Yiuf (D:3)
  A worm (D:3)
  2 dart slugs
  2 orcs (D:4)
  5 ball pythons
  4 bats
  6 endoplasms
  A giant cockroach (D:2)
  7 goblins
  A hobgoblin (D:2)
  9 kobolds
  3 quokkas
  2 frilled lizards (D:1)
  2 rats
47 creatures vanquished.

Vanquished Creatures (others)
  A human (D:3)
1 creature vanquished.

Grand Total: 48 creatures vanquished

Notes
Turn   | Place    | Note
-------+----------+-------------------------------------------
     0 | D:1      | greenreed the Gnoll Conjurer began the quest for the Orb.
     0 | D:1      | Reached XP level 1. HP: 13/13 MP: 6/6
    33 | D:1      | Found a faded altar of an unknown god.
    91 | D:1      | Reached XP level 2. HP: 19/19 MP: 1/7
   627 | D:2      | Reached skill level 5 in Spellcasting
   627 | D:2      | Reached XP level 3. HP: 25/25 MP: 6/9
  1084 | D:2      | Reached skill level 1 in Invocations
  1765 | D:3      | Learned a level 2 spell: Searing Ray
  1769 | D:3      | Learned a level 3 spell: Dazzling Flash
  1819 | D:3      | Reached skill level 1 in Fighting
  1819 | D:3      | Reached skill level 1 in Short Blades
  1819 | D:3      | Reached skill level 1 in Long Blades
  1819 | D:3      | Reached skill level 1 in Axes
  1819 | D:3      | Reached skill level 1 in Maces & Flails
  1819 | D:3      | Reached skill level 1 in Polearms
  1819 | D:3      | Reached skill level 1 in Staves
  1819 | D:3      | Reached skill level 1 in Ranged Weapons
  1819 | D:3      | Reached skill level 1 in Throwing
  1819 | D:3      | Reached skill level 1 in Armour
  1819 | D:3      | Reached skill level 1 in Shields
  1819 | D:3      | Reached skill level 1 in Unarmed Combat
  1819 | D:3      | Reached skill level 1 in Evocations
  2161 | D:3      | Found a runed translucent door.
  2162 | D:3      | Noticed Crazy Yiuf
  2170 | D:3      | Killed Crazy Yiuf
  2171 | D:3      | Reached XP level 4. HP: 32/32 MP: 7/11
  2376 | D:3      | Found an ancient bone altar of Kikubaaqudgha.
  2381 | D:3      | Noticed a human
  2382 | D:3      | Killed a human
  2502 | D:4      | Reached skill level 1 in Hexes
  2502 | D:4      | Reached skill level 1 in Summonings
  2502 | D:4      | Reached skill level 1 in Necromancy
  2502 | D:4      | Reached skill level 1 in Translocations
  2502 | D:4      | Reached skill level 1 in Transmutations
  2502 | D:4      | Reached skill level 1 in Fire Magic
  2502 | D:4      | Reached skill level 1 in Ice Magic
  2502 | D:4      | Reached skill level 1 in Air Magic
  2502 | D:4      | Reached skill level 1 in Earth Magic
  2502 | D:4      | Reached skill level 1 in Poison Magic
  2607 | D:4      | Noticed a bullfrog
  2614 | D:4      | Killed a bullfrog
  2615 | D:4      | Reached XP level 5. HP: 22/37 MP: 3/12
  2771 | D:4      | Noticed Dowan
  2774 | D:4      | Noticed Duvessa
  2784 | D:4      | Slain by Duvessa

Illustrated notes

Levels and vault maps discovered:
D:1:      saegor_arrival_simple_b, layout_basic,
          hellmonk_ecumenical_altar_run_dry
D:2:      layout_basic
D:3:      layout_basic, tgw_kikubaaqudgha, serial_bayou, serial_bayou_crossing,
          serial_bayou_lake_a, serial_bayou_pond_d, serial_bayou_pond_d,
          chequers_serial_rivers_small_3, uniq_crazy_yiuf_cottage
D:4:      layout_basic, mainiacjoe_overflow_surrounded_room, serial_shops, shop,
          serial_rivers, chequers_serial_rivers_micro_b,
          chequers_serial_rivers_small_a, chequers_serial_rivers_micro_c,
          chequers_serial_rivers_small_b, chequers_serial_rivers_small_b,
          chequers_serial_rivers_large_a, small_statue_intersection,
          uniq_duvessa

Skill      XL: |  1  2  3  4 |
---------------+-------------+-----
Spellcasting   | 5 |  5.2
Invocations    | 1 |  1.7
Fighting       | 1 |  1.5
Short Blades   | 1 |  1.5
Long Blades    | 1 |  1.5
Axes           | 1 |  1.5
Maces & Flails | 1 |  1.5
Polearms       | 1 |  1.5
Staves         | 1 |  1.5
Ranged Weapons | 1 |  1.5
Throwing       | 1 |  1.5
Armour         | 1 |  1.5
Shields        | 1 |  1.5
Unarmed Combat | 1 |  1.5
Evocations     | 1 |  1.5
Hexes          | 1 |  1.2
Summonings     | 1 |  1.2
Necromancy     | 1 |  1.2
Translocations | 1 |  1.2
Transmutations | 1 |  1.2
Fire Magic     | 1 |  1.2
Ice Magic      | 1 |  1.2
Air Magic      | 1 |  1.2
Earth Magic    | 1 |  1.2
Poison Magic   | 1 |  1.2
Dodging        | |  4.8
Stealth        | |  4.4
Conjurations   | |  7.2

Action                   |  1- 3 |  4- 6 || total
-------------------------+-------+-------++-------
Melee: Whip              |     1 |     1 ||     2
       Bite              |     1 |       ||     1
 Cast: Magic Dart        |    69 |    22 ||    91
       Searing Ray       |       |     3 ||     3
Armor: Robe              |     1 |     2 ||     3
Dodge: Dodged            |     1 |     3 ||     4

Table legend: (Time is in decaauts)
 A = Elapsed time spent in this place.
 B = Non-inter-level travel time spent in this place.
 C = Inter-level travel time spent in this place.
 D = Time resting spent in this place.
 E = Time spent auto-exploring this place.
 F = Levels seen in this place.
 G = Mean time per level.
                   A        B        C        D        E       F      G
               +--------+--------+--------+--------+--------+-----+--------+
         Total |   2819 |   2768 |     51 |     43 |   2476 |   4 |  704.8 |
       Dungeon |   2819 |   2768 |     51 |     43 |   2476 |   4 |  704.8 |
               +--------+--------+--------+--------+--------+-----+--------+

Top non-repeatable levels by time:
     D:2: 1013 daAuts
     D:3: 894 daAuts
     D:1: 624 daAuts
     D:4: 286 daAuts
